 Dungeon Crawl Stone Soup version 0.29.0-5-ge4962eb29e (webtiles) character file.

Game seed: 13831915172761423220

189 diana the Insei (level 5, 0/34 HPs)
             Began as an Octopode Transmuter on Aug 28, 2022.
             Slain by an adder (3 damage)
             ... on level 4 of the Dungeon.
             The game lasted 00:04:34 (3810 turns).

diana the Insei (Octopode Transmuter)               Turns: 3810, Time: 00:04:35

Health: 0/34       AC:  1    Str: 10    XL:     5   Next: 68%
Magic:  9/9        EV: 13    Int: 17    God:
Gold:   173        SH:  5    Dex: 12    Spells: 3/9 levels left

rFire   + . .      SeeInvis .     - Unarmed
rCold   + . .      Faith    .   (no shield)
rNeg    . . .      Spirit   .   (helmet restricted)
rPois   +          Reflect  +   m - amulet of reflection
rElec   +          Harm     .   d - ring of wizardry
rCorr   +          Rampage  .   n - ring of poison resistance
Will    .....                   (no ring)
Stlth   +++.......              (no ring)
HPRegen 0.11/turn               (no ring)
MPRegen 0.11/turn               (no ring)
                                (no ring)
                                (no ring)

@: resistant, invisible
A: almost no armour, amphibious, 8 rings, camouflage 1, gelatinous body 1,
(nimble swimmer 1), tentacles
a: no special abilities


You were on level 4 of the Dungeon.
You visited 1 branch of the dungeon, and saw 4 of its levels.

You collected 173 gold pieces.

Inventory:

Jewellery
 d - a ring of wizardry (left tentacle)
 m - an amulet of reflection (around mantle)
 n - a ring of poison resistance (right tentacle)
Wands
 k - a wand of flame (33)
Scrolls
 a - a scroll of magic mapping {unknown}
 c - 4 scrolls of identify {unknown}
 h - 2 scrolls of noise {unknown}
 j - 2 scrolls of immolation {unknown}
 l - 2 scrolls of blinking {unknown}
 p - 2 scrolls of teleportation {unknown}
 s - a scroll of fear {unknown}
Potions
 e - a potion of curing {unknown}
 f - a potion of brilliance {unknown}
 g - 2 potions of invisibility
 i - a potion of haste {unknown}
 o - a potion of mutation {unknown}
 q - a potion of heal wounds {unknown}
 r - a potion of flight {unknown}


   Skills:
 * Level 2.3 Fighting
 + Level 2.6 Dodging
 - Level 1.1 Stealth
 + Level 4.0 Unarmed Combat
 + Level 2.7 Spellcasting
 + Level 3.3 Transmutations


You had 3 spell levels left.
You knew the following spells:

 Your Spells              Type           Power      Damage    Failure   Level
a - Beastly Appendage     Tmut           26%        N/A       1%          1
b - Wereblood             Tmut           13%        N/A       2%          2
c - Spider Form           Tmut/Pois      7%         N/A       11%         3

Your spell library contained the following spells:

 Spells                   Type           Power      Damage    Failure   Level
 Static Discharge         Conj/Air       2%         3-4/arc   11%         2
 Gell's Gravitas          Tloc           2%         N/A       21%         3
 Teleport Other           Tloc           2%         N/A       21%         3
 Ice Form                 Ice/Tmut       7%         N/A       32%         4
 Dispel Undead            Necr           2%         3d7       54%         4
 Sticky Flame             Conj/Fire      2%         2d3       54%         4
 Dispersal                Tloc           1%         N/A       100%        6


Dungeon Overview and Level Annotations

Branches:
Dungeon (4/15)
 Temple: D:4-7

Altars:
Gozag


Innate Abilities, Weirdness & Mutations

You cannot wear most types of armour.
You are amphibious.
You can wear up to eight rings at the same time.
Your skin changes colour to match your surroundings (Stealth+).
Your rubbery body absorbs attacks. (AC +1, EV +1)
((You are camouflaged when in or above water. (Stealth+)))
You have tentacles for arms and can constrict up to eight enemies at once.


Message History

The orc priest shouts!
An orc comes into view. It is wielding a +0 falchion.
The adder misses you.
The orc priest casts a cantrip, but nothing happens.
The adder completely misses you. The adder attacks as you move away!
The adder misses you.
The orc priest mumbles some strange prayers to Beogh against you.
Beogh smites you! The adder attacks as you move away! The adder bites you.
The orc priest calls down the wrath of Beogh upon you.
Beogh smites you! The adder misses you.
The orc priest casts a cantrip, but nothing happens.
The adder attacks as you move away! You block the adder's attack.
The orc priest begins to cast a cantrip, but forgets the words!
The adder bites you.
* * * LOW HITPOINT WARNING * * *
Your transformation is almost over.
The adder attacks as you move away! The adder closely misses you.
The adder barely misses you. The adder attacks as you move away!
The adder bites you.
* * * LOW HITPOINT WARNING * * *
The adder bites you.
* * * LOW HITPOINT WARNING * * *
The adder attacks as you move away! The adder bites you.
* * * LOW HITPOINT WARNING * * *
It was a potion of invisibility.
You fade into invisibility!
The adder misses you.
Your tentacle spike disappears.
The adder bites you.
* * * LOW HITPOINT WARNING * * *
The adder bites you.
* * * LOW HITPOINT WARNING * * *
Okay, then.
Things that are here:
a +0 short sword; 5 stones It was a potion of resistance.
You feel protected. The adder bites you.
You die...

...=.o...........##.#
.$_..####..####...#.#
... ......o.......# .
#....#########.#
#..#### #.# ...#
###########o#### .>#
#..............# ##
##....S##########
#......@....#
#......####.#
#......# #.# #......#
#<# #.####.# ###
#......# ########


You could see an adder (unable to see you).

Vanquished Creatures
  Crazy Yiuf (D:3)
  Jessica (D:3)
  Terence (D:2)
  An iguana (D:3)
  2 worms
  A dart slug (D:2)
  An orc (D:3)
  8 endoplasms
  6 giant cockroaches
  6 goblins (D:2)
  10 hobgoblins
  2 jackals (D:2)
  3 quokkas
  7 ball pythons
  3 bats (D:2)
  4 frilled lizards
  8 kobolds
  7 rats
72 creatures vanquished.

Vanquished Creatures (others)
  A fungus (D:3)
  2 plants (D:3)
3 creatures vanquished.

Grand Total: 75 creatures vanquished

Notes
Turn   | Place    | Note
-------+----------+-------------------------------------------
     0 | D:1      | diana the Octopode Transmuter began the quest for the Orb.
     0 | D:1      | Reached XP level 1. HP: 13/13 MP: 3/3
   263 | D:1      | Reached XP level 2. HP: 13/18 MP: 3/5
   499 | D:1      | Learned a level 2 spell: Wereblood
   903 | D:1      | Found a faded altar of an unknown god.
  1331 | D:2      | Reached XP level 3. HP: 23/23 MP: 4/6
  1526 | D:2      | Noticed Terence
  1563 | D:1      | Learned a level 3 spell: Spider Form
  1574 | D:2      | Killed Terence
  1575 | D:2      | Reached skill level 1 in Stealth
  1715 | D:2      | Reached XP level 4. HP: 28/28 MP: 5/7
  2078 | D:2      | Identified the +3 flail "Dragonslayer" {freeze, rElec}
  2391 | D:3      | Noticed Jessica
  2398 | D:3      | Killed Jessica
  2399 | D:3      | Reached XP level 5. HP: 33/34 MP: 4/8
  2885 | D:3      | Identified the +12 chain mail of the Vacuum {Will+ SInv}
  3040 | D:3      | Found a runed translucent door.
  3041 | D:3      | Noticed Crazy Yiuf
  3536 | D:3      | Killed Crazy Yiuf
  3537 | D:3      | Reached skill level 4 in Unarmed Combat
  3785 | D:4      | Found an opulent altar of Gozag.
  3810 | D:4      | Slain by an adder

Illustrated notes

Levels and vault maps discovered:
D:1:      dpeg_arrival_pits, layout_basic,
          hellmonk_ecumenical_altar_heavens_door
D:2:      minmay_recursive_quarters, layout_basic,
          minmay_fractal_squares_gapless_5, uniq_terence
D:3:      layout_loops_ring, grunt_decor_mini_mirrors, serial_bayou_pond_a,
          uniq_crazy_yiuf_cottage, uniq_jessica
D:4:      layout_basic, mainiacjoe_overflow_boulevard

Skill      XL: |  1  2  3  4  5 |
---------------+----------------+-----
Stealth        | 1 |  1.1
Transmutations | 3 |  3.3
Fighting       | 2 |  2.3
Unarmed Combat | 4 |  4.0
Dodging        | |  2.6
Spellcasting   | |  2.7

Action                   |  1- 3 |  4- 6 || total
-------------------------+-------+-------++-------
Melee: Unarmed           |    59 |    98 ||   157
       Constrict         |    13 |    26 ||    39
       Kick              |    16 |    31 ||    47
       Tentacles         |     9 |    12 ||    21
       Punch             |     2 |     1 ||     3
 Cast: Beastly Appendage |    23 |    20 ||    43
       Wereblood         |     2 |     2 ||     4
       Spider Form       |     1 |     3 ||     4
  Use: Potion            |       |     3 ||     3
 Stab: Sleeping          |     4 |     3 ||     7
Armor: Skin              |     5 |    11 ||    16
Dodge: Dodged            |    35 |    57 ||    92
Block: Other             |       |    21 ||    21
